[Event "FIDE World Cup O8-A 2024"]
[Site "Batumi"]
[Date "2024.06.25"]
[Round "3.1"]
[White "Baranov, Prokhor"]
[Black "Ulan, Rizat"]
[Result "0-1"]
[ECO "A49"]
[WhiteElo "1509"]
[BlackElo "1733"]
[Annotator "NA RC"]
[PlyCount "38"]
[EventDate "2024.06.23"]
[EventType "swiss"]
[EventCountry "GEO"]
[SourceTitle "playchess.com"]
[Source "ChessBase"]
[SourceQuality "1"]
[TimeControl "5400+30"]

1. Nf3 Nf6 2. g3 g6 3. b3 Bg7 4. Bb2 d6 5. d4 c5 6. dxc5 Qa5+ 7. Qd2 Qxc5 8. c4 Ne4 9. Qc2 Qxf2+ 10. Kd1 Bxb2 11. Qxb2 O-O 12. Nc3 Bf5 13. Nd5 Nc6 14. b4 e6 15. Nf6+ Nxf6 16. Qxf6 Nxb4 17. h4 Qe3 18. h5 Bc2+ 19. Ke1 Nd3# 0-1

[Event "FIDE World Cup O8-A 2024"]
[Site "Batumi"]
[Date "2024.06.25"]
[Round "3.2"]
[White "Divith Reddy Adulla"]
[Black "Sattwik Swain"]
[Result "0-1"]
[ECO "C54"]
[WhiteElo "1722"]
[BlackElo "1567"]
[Annotator "NA RC"]
[PlyCount "78"]
[EventDate "2024.06.23"]
[EventType "swiss"]
[EventCountry "GEO"]
[SourceTitle "playchess.com"]
[Source "ChessBase"]
[SourceQuality "1"]
[TimeControl "5400+30"]

1. e4 e5 2. Nf3 Nc6 3. d4 exd4 4. Bc4 Bc5 5. c3 Nf6 6. e5 d5 7. Bb5 Ne4 8. cxd4 Bb6 9. O-O O-O 10. h3 f6 11. Bxc6 bxc6 12. Be3 Ba6 13. Re1 f5 14. Qc1 Qd7 15. Bd2 Bb7 16. Bb4 Rfe8 17. Nc3 a5 18. Ba3 c5 19. dxc5 Nxc5 20. Qd2 Ne6 21. Qd3 Nf4 22. Qd2 Ne6 23. Red1 d4 24. Ne1 Qc6 25. Ne2 a4 26. Nf3 Rad8 27. Rac1 Qd5 28. Ng3 g6 29. Qh6 c5 30. h4 Rd7 31. Nf1 Qc6 32. N1d2 d3 33. h5 Nd4 34. Rc4 Rxe5 35. Qg5 Ne2+ 36. Kh1 Re6 37. Rh4 Bd8 38. Qh6 g5 39. Ne5 Qxg2# 0-1

[Event "FIDE World Cup O8-A 2024"]
[Site "Batumi"]
[Date "2024.06.25"]
[Round "3.3"]
[White "Szumiec, Jan"]
[Black "Wee, Yu Heng Lucas John"]
[Result "0-1"]
[ECO "C06"]
[WhiteElo "1668"]
[BlackElo "1499"]
[Annotator "NA RC"]
[PlyCount "80"]
[EventDate "2024.06.23"]
[EventType "swiss"]
[EventCountry "GEO"]
[SourceTitle "playchess.com"]
[Source "ChessBase"]
[SourceQuality "1"]
[TimeControl "5400+30"]

1. e4 e6 2. d4 d5 3. Nd2 Nf6 4. e5 Nfd7 5. Bd3 c5 6. c3 Nc6 7. Ne2 cxd4 8. cxd4 Qb6 9. Nf3 Bb4+ 10. Bd2 O-O 11. O-O f6 12. Nf4 fxe5 13. Nxe6 e4 14. Nfg5 exd3 15. Bxb4 Nxb4 16. Nxf8 Nxf8 17. a3 Nc2 18. Rc1 Nxd4 19. Qxd3 Qxb2 20. Rcd1 Ne2+ 21. Kh1 Nf4 22. Qe3 Qf6 23. Nf3 Be6 24. g3 N4g6 25. Nd4 Re8 26. Qd2 Rd8 27. f4 Ne7 28. Rfe1 Nf5 29. Nxe6 Nxe6 30. Qa5 Ned4 31. g4 Nh4 32. g5 Qb6 33. Qc3 Ndf3 34. Rb1 Qf2 35. Rb2 Qxe1+ 36. Qxe1 Nxe1 37. Rxb7 d4 38. Rxa7 d3 39. a4 d2 40. Rxg7+ Kxg7 0-1

[Event "FIDE World Cup O8-A 2024"]
[Site "Batumi"]
[Date "2024.06.25"]
[Round "3.4"]
[White "Protopopescu, Luca"]
[Black "Stanisic, Lukas"]
[Result "1-0"]
[ECO "B76"]
[WhiteElo "1896"]
[BlackElo "1677"]
[Annotator "NA RC"]
[PlyCount "81"]
[EventDate "2024.06.23"]
[EventType "swiss"]
[EventCountry "GEO"]
[SourceTitle "playchess.com"]
[Source "ChessBase"]
[SourceQuality "1"]
[TimeControl "5400+30"]

1. e4 c5 2. Nf3 d6 3. d4 cxd4 4. Nxd4 Nf6 5. Nc3 g6 6. f3 Bg7 7. Be3 O-O 8. Qd2 Nc6 9. O-O-O d5 10. Kb1 Nxd4 11. e5 Nd7 12. Bxd4 {[%emt 0:02:04] B76: Sicilian Dragon: Yugoslav Attack, 9 g4 and 9 0-0-0.} e6 13. f4 a6 (13... f6 $16 {was necessary.}) 14. h4 b5 15. g4 f6 {[%emt 0:08:05] [#]} 16. f5 $2 fxe5 (16... gxf5 17. gxf5 (17. exf6 Nxf6 18. gxf5 b4 $18) 17... Nxe5 (17... fxe5 $2 {loses.} 18. fxe6 Bb7 19. Be3 $18) 18. h5) 17. fxe6 exd4 18. Nxd5 Nc5 19. e7 Qxd5 20. exf8=Q+ Bxf8 21. Bg2 Ne4 22. Qxd4 Nc3+ 23. Qxc3 Qxg2 24. h5 Be6 25. hxg6 Bg7 26. gxh7+ Kh8 27. Qe3 {[%emt 0:00:52] [#]} Rc8 $1 28. Qd3 Bf6 29. Qg6 Bg7 30. g5 Qc6 31. Qd3 Qc7 32. g6 Bd7 $18 33. c3 Rd8 34. Rhe1 Qf4 35. Ka1 Qf6 36. Rf1 Qe7 37. Rde1 Qg5 38. Qxd7 Bf6 39. Re8+ Rxe8 40. Qxe8+ Kg7 41. h8=Q# 1-0

[Event "FIDE World Cup O8-A 2024"]
[Site "Batumi"]
[Date "2024.06.25"]
[Round "3.5"]
[White "Elemes, Nurmukhamed"]
[Black "Ambartsumyan, Roman Vlad"]
[Result "1-0"]
[ECO "D48"]
[WhiteElo "1570"]
[BlackElo "1413"]
[Annotator "NA RC"]
[PlyCount "95"]
[EventDate "2024.06.23"]
[EventType "swiss"]
[EventCountry "GEO"]
[SourceTitle "playchess.com"]
[Source "ChessBase"]
[SourceQuality "1"]
[TimeControl "5400+30"]

1. d4 d5 2. c4 c6 3. Nf3 Nf6 4. Nc3 e6 5. e3 Nbd7 6. Bd3 dxc4 7. Bxc4 b5 8. Bd3 a6 9. O-O Be7 10. e4 c5 11. Re1 Bb7 12. e5 Nd5 13. Qe2 Rb8 14. Bd2 N7b6 15. a4 Nxc3 16. bxc3 c4 17. Bc2 O-O 18. axb5 axb5 19. Reb1 Bxf3 20. Qxf3 Nd5 21. Qg4 Re8 22. Qe4 g6 23. f4 b4 24. cxb4 Bxb4 25. Bxb4 Nxb4 26. Ra4 Qe7 27. Rc1 Qd7 28. Bd1 Nd3 29. Rca1 Nb2 30. Ra7 Qb5 31. Bc2 Red8 32. f5 exf5 33. Qh4 Qb6 34. e6 Qxe6 35. Re1 Qb6 36. Rxf7 Qxd4+ 37. Qxd4 Rxd4 38. Ree7 Rd2 39. Rg7+ Kf8 40. Ref7+ Ke8 41. Rxh7 Rxc2 42. Ra7 Rc1+ 43. Kf2 Nd3+ 44. Kg3 f4+ 45. Kh3 Nf2+ 46. Kh4 g5+ 47. Kh5 Ng4 48. Rh8# 1-0

[Event "FIDE World Cup O8-A 2024"]
[Site "Batumi"]
[Date "2024.06.25"]
[Round "3.6"]
[White "Hriday Garg"]
[Black "Jasson, Alexander Luke Josep"]
[Result "0-1"]
[ECO "C58"]
[WhiteElo "1554"]
[BlackElo "1889"]
[Annotator "NA RC"]
[PlyCount "122"]
[EventDate "2024.06.23"]
[EventType "swiss"]
[EventCountry "GEO"]
[SourceTitle "playchess.com"]
[Source "ChessBase"]
[SourceQuality "1"]
[TimeControl "5400+30"]

1. e4 e5 2. Nf3 Nc6 3. Bc4 Nf6 4. Ng5 d5 5. exd5 Na5 6. Bb5+ c6 7. dxc6 bxc6 8. Bd3 Nd5 {[%emt 0:00:12] C58: Two Knights: 4 Ng5 d5 5 exd5 Na5 sidelines.} 9. Nf3 Bd6 10. O-O O-O 11. Re1 f5 12. Bf1 Qc7 13. h3 Bb7 14. Nc3 Nxc3 15. dxc3 Rad8 16. Bd2 c5 17. Ng5 Rf6 18. h4 h6 19. Nh3 Rg6 20. Qe2 f4 21. Qh5 Qf7 22. Kh1 Bc7 23. Rad1 Bc8 24. Be2 $19 (24. Qe2 ) ({Not} 24. Bd3 $2 Rxd3 25. Nxf4 (25. cxd3 $2 {perishes.} Bg4 $19) 25... Rh3+ (25... exf4 $2 26. cxd3 $19) 26. Nxh3 Bg4 $19) 24... Bxh3 25. gxh3 e4 26. Bg4 Rd5 27. Qxd5 Qxd5 28. Bxf4 Qf7 29. Be3 Rxg4 30. hxg4 Qf3+ 31. Kg1 Qxg4+ 32. Kh1 Qh3+ 33. Kg1 Bh2+ 34. Kh1 Bf4+ 35. Kg1 Bxe3 36. Rd8+ Kh7 37. Rxe3 Qxh4 38. Re8 Qg4+ 39. Kf1 Nc4 40. Rg3 Qd1+ 41. Kg2 Qd5 42. Re7 e3+ 43. f3 Qg8 44. Rxa7 Nxb2 45. a4 Kh8 46. a5 g5 47. a6 e2 48. Kf2 e1=Q+ 49. Kxe1 Qb8 50. Rb7 Qxg3+ 51. Ke2 Qe5+ 52. Kf2 Nd1+ 53. Kf1 Qe3 54. Kg2 Qf2+ 55. Kh3 Qxf3+ 56. Kh2 Ne3 57. Rb8+ Kg7 58. Rb7+ Kg6 59. Rb6+ Kh5 60. Rxh6+ Kxh6 61. c4 Qg2# 0-1

[Event "FIDE World Cup O8-A 2024"]
[Site "Batumi"]
[Date "2024.06.25"]
[Round "3.8"]
[White "Guo, Philipp Ziming"]
[Black "Berishvili, Alexandre"]
[Result "1/2-1/2"]
[ECO "A13"]
[WhiteElo "2146"]
[BlackElo "1471"]
[Annotator "RC"]
[PlyCount "133"]
[EventDate "2024.06.23"]
[EventType "swiss"]
[EventCountry "GEO"]
[SourceTitle "playchess.com"]
[Source "ChessBase"]
[SourceQuality "1"]
[TimeControl "5400+30"]

1. d4 d5 2. c4 e6 3. Nf3 Nc6 4. g3 Nge7 5. Bg2 g6 6. cxd5 exd5 7. O-O Bg7 8. Nc3 O-O 9. Bf4 Be6 10. a3 a6 11. Na4 Rb8 12. Nc5 Bg4 13. Nb3 Re8 14. Ne5 Bf5 15. Rc1 Rf8 16. h3 Re8 17. g4 Be6 18. Nc5 Rf8 19. e3 Qc8 20. Nxe6 fxe6 21. Nxc6 Nxc6 22. Qe2 Nxd4 23. Qd3 Nc6 24. Rc2 Qd7 25. Bg3 Ne5 26. Qe2 Rbc8 27. f4 Nc4 28. Rd1 Qb5 29. Qe1 Qa4 30. Re2 Nxb2 31. Rb1 Qxa3 32. Qc1 Nc4 33. Qxa3 Nxa3 34. Rxb7 Nb5 35. Rc2 d4 36. exd4 Bxd4+ 37. Kh2 Bb6 38. Rc6 Rfd8 39. Rxe6 Nd6 40. Rxb6 cxb6 41. f5 Nc4 42. fxg6 hxg6 43. Bb7 Rd2+ 44. Kg1 Rcd8 45. Bxa6 Nd6 46. Rxg6+ Kf7 47. Rg5 Ne4 48. Bc4+ Kf8 49. Rg8+ Ke7 50. Bh4+ Nf6 51. Rg7+ Kd6 52. Bxf6 Rc8 53. Bf1 Rd1 54. Bh4 b5 55. g5 b4 56. g6 b3 57. Be7+ Ke6 58. Ba3 Kf6 59. Bb2+ Kg5 60. h4+ Kh6 61. Rf7 Kxg6 62. Rf3 Kh5 63. Kf2 Rc2+ 64. Be2 Rdd2 65. Rd3+ Kg6 66. h5+ Kh7 67. Rxd2 1/2-1/2